 Dungeon Crawl Stone Soup version 0.29.1-15-g9cfb28693d (webtiles) character file.

Game seed: 4462704689979714318

38 sanboga the Trooper (level 3, 0/23 HPs)
             Began as a Gargoyle Fighter on Feb 23, 2023.
             Killed from afar by Natasha (3 damage)
             ... with a magic dart
             ... on level 3 of the Dungeon.
             The game lasted 00:01:17 (1756 turns).

sanboga the Trooper (Gargoyle Fighter)              Turns: 1756, Time: 00:01:17

Health: 0/23       AC: 10    Str: 21    XL:     3   Next: 43%
Magic:  3/3        EV:  9    Int:  8    God:
Gold:   129        SH:  4    Dex:  9    Spells: 2/2 levels left

rFire   . . .      SeeInvis .   a - +0 war axe
rCold   . . .      Faith    .   c - +0 buckler
rNeg    + . .      Spirit   .   b - +0 scale mail
rPois   ∞          Reflect  .   (no helmet)
rElec   +          Harm     .   (no cloak)
rCorr   .          Rampage  .   (no gloves)
Will    .....                   (no boots)
Stlth   ..........              (no amulet)
HPRegen 0.07/turn               (no ring)
MPRegen 0.08/turn               (no ring)

@: no status effects
A: sickness immunity, AC +3, negative energy resistance 1, electricity
resistance, torment resistance 1, petrification resistance
a: no special abilities


You were on level 3 of the Dungeon.
You visited 1 branch of the dungeon, and saw 3 of its levels.

You collected 129 gold pieces.

Inventory:

Hand Weapons
 a - a +0 war axe (weapon)
Armour
 b - a +0 scale mail (worn)
 c - a +0 buckler (worn)
Scrolls
 e - a scroll of butterflies {unknown}
 g - a scroll of torment {unknown}
Potions
 d - a potion of might
 f - a potion of heal wounds {unknown}
 h - a potion of mutation {unknown}
 i - a potion of magic {unknown}
 j - a potion of haste {unknown}
 k - a potion of brilliance {unknown}


   Skills:
 + Level 3.6 Fighting
 * Level 2.5 Axes
 + Level 3.6 Armour
 + Level 3.6 Shields


You had 2 spell levels left.
You didn't know any spells.
Your spell library was empty.

Dungeon Overview and Level Annotations

Branches:
Dungeon (3/15)

Altars:

Annotations:
D:3 Natasha


Innate Abilities, Weirdness & Mutations

You are immune to sickness and miasma.
Your stone body is resilient. (AC +3)
You are immune to poison.
You resist negative energy. (rN+)
You are resistant to electric shocks. (rElec)
You are resistant to unholy torment.
You are immune to petrification.


Message History

No target in view!
No target in view!
No target in view!
You see here a ball python corpse.
There is a fountain of clear blue water here.
Done exploring.
Done exploring.
Done exploring.
No target in view!
You see here a +0 dagger.
There is an open door here.
There is a stone staircase leading down here.
You climb downwards.
Found a ring of magical power.
There is a stone staircase leading up here.
Natasha, Servant of Life and Death comes into view.
She is carrying a wand of light (10).
Natasha zaps a wand.
The bolt of light hits you!
There is a stone staircase leading up here.
You climb upwards.
There is a stone staircase leading down here.
You start resting.
HP restored.
You climb downwards.
Level annotation: Natasha
There is a stone staircase leading up here.
Found a stone staircase leading down.
You hit Natasha.
Natasha is moderately wounded.
You block Natasha's attack. Natasha barely misses you.
You hit Natasha.
Natasha is heavily wounded.
Natasha claws you but does no damage.
You barely miss Natasha.
Natasha is heavily wounded.
Natasha zaps a wand.
The bolt of light hits you!!
Ouch! That really hurt!
* * * LOW HITPOINT WARNING * * *
Natasha casts a spell at you. The magic dart hits you.
You die...

#.# #.#.#
#.#.# #=#.#
..... #.#.#
#
#.#.####.###
#.#.........
#.<.@..#.##
#####h......
..##### ..#
... .### >#
.#


You could see Natasha.

Vanquished Creatures
  2 worms (D:2)
  2 endoplasms (D:1)
  4 goblins (D:2)
  2 hobgoblins (D:2)
  9 kobolds
  2 quokkas (D:2)
  3 ball pythons
  2 bats
  A frilled lizard (D:1)
  2 rats (D:1)
29 creatures vanquished.

Notes
Turn   | Place    | Note
-------+----------+-------------------------------------------
     0 | D:1      | sanboga the Gargoyle Fighter began the quest for the Orb.
     0 | D:1      | Reached XP level 1. HP: 14/14 MP: 1/1
   249 | D:1      | Found a faded altar of an unknown god.
   253 | D:1      | Reached XP level 2. HP: 19/19 MP: 2/2
   811 | D:2      | Reached XP level 3. HP: 23/23 MP: 3/3
  1619 | D:3      | Noticed Natasha
  1756 | D:3      | Killed from afar by Natasha

Illustrated notes

Levels and vault maps discovered:
D:1:      ncdulo_halloftheorcs, layout_rooms,
          dreamdust_ecumenical_altar_statues, minmay_misc_feat_encased
D:2:      layout_loops_ring, grunt_ministairs_14
D:3:      layout_loops_ring, fedhas_altar_1, kennysheep_pointless_box,
          dreamdust_princess_bridge, uniq_grinder, uniq_sigmund, uniq_natasha

Skill      XL: |  1 |
---------------+----+-----
Axes           | 2 |  2.5
Fighting       | |  3.6
Armour         | |  3.6
Shields        | |  3.6

Action                   || total
-------------------------++-------
Melee: War axe           ||    99
Armor: Scale mail        ||    57
Dodge: Dodged            ||    51
Block: Buckler           ||    25
